Map: Bridgehead LE (Void)

Players

Kelazhur - Winner!

  • Race: Terran Terran
  • League: Gold

Arthur

  • Race: Protoss Protoss
  • League: Diamond

Event: ASL Season 5 Prime League LOTV Beta

VOD

Have the link to the VOD?

Description

Time

  • Played on: Sept. 7, 2015, 10:51 p.m.
  • Length: 2:55

All games in this series

Show
View Real Time Build Order
Export as new Build Order

Kelazhur Terran - Winner!

Build Orders:  

Get SALT Encoding   

  12  0:00  SCV  
  13  0:13  SCV  
  14  0:18  Supply Depot  
  14  0:25  SCV  
  15  0:41  Barracks  
  15  0:44  SCV  
  16  0:56  SCV  
  17  1:01  Barracks  
  17  1:08  SCV  
  18  1:15  Barracks  
  18  1:27  Marine  
  18  1:28  Orbital Command  
  19  1:40  Supply Depot  
  19  1:46  Marine  
  20  1:48  Marine  
  21  1:56  SCV  
  22  2:04  Marine x2  
  22  2:07  Marine  
  25  2:21  Marine  
  25  2:22  Marine  
  27  2:24  Marine  
Show
View Real Time Build Order
Export as new Build Order

Arthur Protoss 

Build Orders:  

Get SALT Encoding   

  12  0:00  Probe (Chrono Boost)  
  13  0:11  Probe (Chrono Boost)  
  14  0:18  Pylon  
  14  0:21  Probe (Chrono Boost)  
  15  0:35  Probe (Chrono Boost)  
  15  0:39  Gateway  
  16  0:45  Probe (Chrono Boost)  
  16  0:47  Assimilator  
  17  0:56  Probe (Chrono Boost)  
  18  0:57  Assimilator  
  18  1:06  Probe (Chrono Boost)  
  18  1:10  Pylon  
  19  1:16  Probe (Chrono Boost)  
  20  1:26  Cybernetics Core, Probe (Chrono Boost)  
  21  1:36  Probe (Chrono Boost)  
  22  1:46  Probe (Chrono Boost)  
  23  1:56  Probe (Chrono Boost)  
  24  2:03  Stargate  
  24  2:04  Adept  
  26  2:16  Gateway  
  26  2:23  Pylon  
Tags
 
Add a new tag
Caveats
  • Supply blocks, unpowered buildings, or Contaminate may cause inaccurate times.
  • Supply counts are checked every 10 seconds.